 Dungeon Crawl Stone Soup version 0.19-b1-5-gdc9fa9d (webtiles) character file.

56 Patate the Covert (level 3, -2/18 HPs)
             Began as a Spriggan Assassin on Oct 31, 2016.
             Killed from afar by Robin (7 damage)
             ... with a wand of flame
             ... on level 2 of the Dungeon.
             The game lasted 00:06:54 (1318 turns).

Patate the Covert (Spriggan Assassin)               Turns: 1318, Time: 00:06:55

Health: -2/18      AC:  5    Str:  7    XL:     3   Next: 69%
Magic:  0/4        EV: 17    Int: 12    God:
Gold:   54         SH:  0    Dex: 18    Spells: 0 memorised, 2 levels left

rFire  . . .     SeeInvis +     a - +2 dagger (drain)
rCold  + . .     Gourm    .     c - +0 robe
rNeg   . . .     Faith    .     (shield restricted)
rPois  .         Spirit   +     (helmet restricted)
rElec  .         Reflect  .     i - +2 cloak
rCorr  .         Harm     .     (gloves unavailable)
MR     .....                    (boots unavailable)
Stlth  ++++......               h - amulet of guardian spirit
                                (no ring)
                                d - ring of protection from cold

@: very quick
A: unfitting armour, see invisible, herbivore 3, speed 3, slow metabolism 2
a: no special abilities


You were on level 2 of the Dungeon.
You were not hungry.

You visited 1 branch of the dungeon, and saw 2 of its levels.

You collected 54 gold pieces.

Inventory:

Hand Weapons
 a - a +2 dagger of draining (weapon)
 b - a +0 blowgun
Missiles
 e - 2 poisoned needles
 f - 2 curare-tipped needles
Armour
 c - a +0 robe (worn)
 i - a +2 cloak (worn)
Jewellery
 d - a ring of protection from cold (left hand)
 h - an amulet of guardian spirit (around neck)
Scrolls
 n - a scroll of remove curse
Potions
 j - 2 potions of curing
 k - a potion of magic
 l - a potion of heal wounds
Comestibles
 g - 4 bread rations


   Skills:
 - Level 1.5 Fighting
 - Level 2.1 Short Blades
 - Level 2.0 Throwing
 - Level 1.5 Dodging
 + Level 8.2 Stealth


You had 2 spell levels left.
You didn't know any spells.

Dungeon Overview and Level Annotations

Branches:
Dungeon (2/15)

Altars:
Nemelex Xobeh
Xom

Annotations:
D:2 Jessica, Robin


Innate Abilities, Weirdness & Mutations

You are very small and have problems with some larger weapons.
You are too small for most types of armour.
You have supernaturally acute eyesight. (SInv)
You are a herbivore.
You cover ground extremely quickly.
You need consume almost no food.


Message History

Robin is moderately wounded.
Robin throws the goblin at you!
You barely miss Robin.
Robin is moderately wounded.
Robin looks more healthy.
The goblin misses you.
Robin zaps a wand.
The puff of flame misses you.
It is a wand of flame.
You hit Robin.
Robin is heavily wounded.
The goblin closely misses you. Robin closely misses you.
You hit Robin but do no damage.
Robin is heavily wounded.
The goblin misses you. Robin barely misses you.
You completely miss Robin.
Robin is heavily wounded.
The goblin hits you with a club.
Robin zaps a wand.
The puff of flame hits you!
* * * LOW HITPOINT WARNING * * *
You hit Robin. You drain Robin!
Robin is severely wounded.
Robin zaps a wand.
The puff of flame hits you!
You die...

#.........####..#..##.###
########.###....##.##....
###......g....>....##
#........###...##.##
###.#.....## #..##.#
#...#(....# ..#
#(...(.).<# #?#
#####g##### ## #.@g#
###)## #..# ##รท# # ###.#
#_## #...##8@..8
#...##..... #...#>.....
#...##.....


You could see Robin and a goblin.

Vanquished Creatures
  An adder (D:2)
  An ooze (D:2)
  A worm (D:2)
  2 dart slugs
  11 goblins
  6 hobgoblins
  A quokka (D:2)
  4 bats
  4 kobolds
  A rat (D:2)
32 creatures vanquished.

Notes
Turn   | Place    | Note
-------+----------+-------------------------------------------
     0 | D:1      | Patate the Spriggan Assassin began the quest for the Orb.
     0 | D:1      | Reached XP level 1. HP: 10/10 MP: 2/2
    12 | D:1      | Reached skill level 6 in Stealth
   280 | D:1      | Reached XP level 2. HP: 14/14 MP: 3/3
   640 | D:2      | Reached skill level 7 in Stealth
   861 | D:2      | Noticed Robin
   863 | D:2      | Found a sparkling altar of Nemelex Xobeh.
   883 | D:2      | Reached XP level 3. HP: 12/18 MP: 4/4
  1187 | D:2      | Reached skill level 8 in Stealth
  1280 | D:2      | Noticed Jessica
  1281 | D:2      | Found a shimmering altar of Xom.
  1318 | D:2      | Killed from afar by Robin

Skill      XL: |  1  2  3 |
---------------+----------+-----
Stealth        | 6 7 8 |  8.2
Fighting       | |  1.5
Short Blades   | |  2.1
Throwing       | |  2.0
Dodging        | |  1.5

Action                   || total
-------------------------++-------
Melee: Dagger            ||    78
 Fire: Blowgun           ||    15
  Use: Scroll            ||    10
 Stab: Sleeping          ||     5
Armor: Robe              ||    15
Dodge: Dodged            ||    68
